 Dungeon Crawl Stone Soup version 0.22.1-2-g9c5b331 (webtiles) character file.

5222 Fang the Cleaver (level 10, -1/96 HPs)
             Began as a Gargoyle Berserker on Dec 18, 2018.
             Was an Elder of Trog.
             Impaled on a porcupine's spines (9 damage)
             ... on level 9 of the Dungeon on Dec 19, 2018.
             The game lasted 00:09:35 (7515 turns).

Fang the Cleaver (Gargoyle Berserker)               Turns: 7515, Time: 00:09:35

Health: -1/96      AC: 13    Str: 28    XL:     10   Next: 61%
Magic:  10/10      EV: 13    Int:  9    God:    Trog [****..]
Gold:   472        SH:  2    Dex:  9    Spells: 9/9 levels left

rFire    . . .     SeeInvis .   q - +3 war axe
rCold    . . .     Gourm    .   (no shield)
rNeg     + . .     Faith    .   m - +0 ring mail
rPois    ∞         Spirit   .   (no helmet)
rElec    +         Reflect  +   (no cloak)
rCorr    +         Harm     .   (no gloves)
MR       .....                  (no boots)
Stlth    ..........             x - +2 amulet of reflection
HPRegen  0.26/turn              w - ring of resist corrosion
MPRegen  0.12/turn              (no ring)

@: berserking (expiring), very quick
A: negative energy resistance 1, electricity resistance, unbreathing,
petrification resistance, rot immunity, AC +7
a: Berserk, Trog's Hand, Brothers in Arms, Renounce Religion


You were on level 9 of the Dungeon.
You worshipped Trog.
Trog was greatly pleased with you.
You were very hungry.

You visited 2 branches of the dungeon, and saw 10 of its levels.

You collected 472 gold pieces.

Inventory:

Hand Weapons
 q - a +3 war axe (weapon)
Armour
 m - a +0 ring mail (worn)
Jewellery
 w - a ring of resist corrosion (left hand)
 x - a +2 amulet of reflection (around neck)
Wands
 v - a wand of paralysis (8)
 z - a wand of flame (31)
 B - a wand of digging (12)
Scrolls
 a - 3 scrolls of blinking {unknown}
 d - 2 scrolls of teleportation {unknown}
 g - 4 scrolls of remove curse {unknown}
 l - a scroll of enchant weapon {unknown}
 n - 7 scrolls of identify {unknown}
 o - 3 scrolls of enchant armour {unknown}
 r - 2 scrolls of noise {unknown}
 s - a scroll of random uselessness {unknown}
 y - a scroll of amnesia {unknown}
 A - a scroll of immolation {unknown}
Potions
 b - a potion of flight {unknown}
 e - 2 potions of cancellation {unknown}
 f - 2 potions of curing {unknown}
 h - a potion of haste {unknown}
 i - 4 potions of brilliance {unknown}
 j - 4 potions of heal wounds {unknown}
 k - a potion of invisibility
 p - a potion of magic {unknown}
 t - a potion of might {unknown}
 u - 3 potions of mutation {unknown}
 C - a potion of agility {unknown}
Comestibles
 c - 9 rations
 D - 3 chunks of flesh


   Skills:
 + Level 7.9 Fighting
 + Level 10.8 Axes
 + Level 6.3 Armour
 + Level 4.8 Dodging
 + Level 2.3 Stealth


You had 9 spell levels left.
You didn't know any spells.
Your spell library was empty.

Dungeon Overview and Level Annotations

Branches:
Dungeon (9/15)             Temple (1/1) D:7
   Lair: D:8-11         Orc: D:9-12

Altars:

Shops:
D:6 *   D:7 =


Innate Abilities, Weirdness & Mutations

You are resistant to torment.
Your stone body is resilient. (AC +7)
You are immune to poison.
You resist negative energy. (rN+)
You are resistant to electric shocks. (rElec)
You can survive without breathing.
You are immune to petrification.
You are immune to rotting.


Message History

You are feeling very hungry.
The porcupine bites you but does no damage.
The black bear goes berserk!
You slash the black bear!
You kill the black bear!
Trog accepts your kill.
You barely miss the porcupine. The porcupine barely misses you.
The porcupine bites you.
* * * LOW HITPOINT WARNING * * *
Things that are here:
a black bear corpse; a bullfrog corpse You feel a strong urge to attack something.
The porcupine barely misses you.
You are struck by the porcupine's spines.
* * * LOW HITPOINT WARNING * * *
You slash the porcupine!
The porcupine is severely wounded.
The porcupine bites you but does no damage.
You are struck by the porcupine's spines.
You die...

#.........#
#........
#......<..#
#........
#.........#
#........
##'########
###'#####
#......#
#...#
######'###
###†#
#......#
#####'###
#..†r..#
#.......#
+...@..#
#.......#
...P.......#
#.......#
..PP.......#
#.......#
.....P.....+
#.......'
PP.P..P....#
+.......#
.....P.P...#
#.......#
.P.........#
#...>...#
...PP.P....#
#.......#
#.......#


You could see a porcupine.

Vanquished Creatures
  A two-headed ogre (D:8)
  A troll (D:9)
  2 hippogriffs (D:8)
  Menkaure (D:4)
  Duvessa (D:6)
  A porcupine (D:9)
  2 orc warriors
  2 sky beasts (D:8)
  A black bear (D:9)
  2 phantoms
  3 ice beasts
  4 ogres
  5 centaurs
  5 bullfrogs
  A wyvern zombie (D:8)
  5 scorpions
  Dowan (D:6)
  4 wights (D:8)
  A howler monkey (D:6)
  3 crimson imps
  2 bullfrog zombies
  3 jellies
  A bullfrog skeleton (D:8)
  6 orc priests
  8 iguanas
  10 orc wizards
  3 worker ants
  3 hound skeletons
  A howler monkey zombie (D:8)
  10 adders
  3 adder skeletons
  An adder zombie (D:6)
  2 worms
  4 dart slugs
  4 leopard geckos
  23 orcs
  2 ball pythons
  6 bats
  7 giant cockroaches
  7 goblins
  10 hobgoblins
  2 jackals (D:9)
  3 kobolds
  4 quokkas
  A ball python skeleton (D:4)
  4 frilled lizards
  6 rats
182 creatures vanquished.

Vanquished Creatures (others)
  31 fungi (D:9)
  4 plants (D:9)
35 creatures vanquished.

Grand Total: 217 creatures vanquished

Notes
Turn   | Place    | Note
-------+----------+-------------------------------------------
     0 | D:1      | Fang the Gargoyle Berserker began the quest for the Orb.
     0 | D:1      | Reached XP level 1. HP: 14/14 MP: 1/1
   287 | D:1      | Reached XP level 2. HP: 18/19 MP: 2/2
   698 | D:1      | Reached skill level 3 in Axes
   929 | D:2      | Reached XP level 3. HP: 23/24 MP: 3/3
  1002 | D:2      | Reached ** piety under Trog
  1329 | D:2      | Reached XP level 4. HP: 29/29 MP: 4/4
  1771 | D:3      | Found a faded altar of an unknown god.
  1874 | D:3      | Reached skill level 4 in Axes
  1874 | D:3      | Reached XP level 5. HP: 33/33 MP: 5/5
  2579 | D:4      | Noticed Menkaure
  2591 | D:4      | Killed Menkaure
  2591 | D:4      | Reached skill level 5 in Axes
  2591 | D:4      | Reached XP level 6. HP: 30/39 MP: 6/6
  2643 | D:4      | Reached *** piety under Trog
  2658 | D:4      | Received a gift from Trog
  2658 | D:4      | Reached XP level 7. HP: 40/44 MP: 7/7
  2795 | D:4      | Reached skill level 1 in Stealth
  3142 | D:4      | Reached skill level 6 in Axes
  3157 | D:4      | Reached skill level 5 in Fighting
  3340 | D:5      | Entered Level 5 of the Dungeon
  3367 | D:5      | Reached XP level 8. HP: 42/49 MP: 8/8
  4174 | D:5      | Reached skill level 7 in Axes
  4567 | D:6      | Noticed Duvessa
  4573 | D:6      | Noticed Dowan
  4585 | D:6      | Killed Dowan
  4590 | D:6      | Killed Duvessa
  4590 | D:6      | Reached skill level 8 in Axes
  4737 | D:6      | Reached **** piety under Trog
  4752 | D:6      | Reached skill level 5 in Armour
  4758 | D:6      | Reached XP level 9. HP: 40/55 MP: 9/9
  4873 | D:6      | Found Piakhigirgh's Assorted Antiques.
  5209 | D:7      | Found Nyosaij's Jewellery Shoppe.
  5566 | D:7      | Reached skill level 9 in Axes
  5579 | D:7      | Found a staircase to the Ecumenical Temple.
  5654 | Temple   | Entered the Ecumenical Temple
  6726 | D:8      | Reached XP level 10. HP: 63/63 MP: 10/10
  6754 | D:8      | Reached skill level 10 in Axes
  6972 | D:8      | Noticed a two-headed ogre
  6981 | D:8      | Killed a two-headed ogre
  7515 | D:9      | Impaled on a porcupine's spines

Skill      XL: |  1  2  3  4  5  6  7  8  9 10 |
---------------+-------------------------------+-----
Axes           | 3 4 5 6 8 9 10 | 10.8
Fighting       | 4 5 7 |  7.9
Dodging        | 2 3 4 |  4.8
Armour         | 3 4 5 6 |  6.3
Stealth        | 1 2 |  2.3

Action                   |  1- 3 |  4- 6 |  7- 9 | 10-12 || total
-------------------------+-------+-------+-------+-------++-------
Melee: Hand axe          |    93 |   178 |       |       ||   271
       War axe           |       |       |   291 |   100 ||   391
Invok: Berserk           |       |     4 |     3 |     3 ||    10
 Stab: Sleeping          |       |       |       |     1 ||     1
  Eat: Chunk             |     1 |     7 |    16 |     6 ||    30
Armor: Animal skin       |    11 |       |       |       ||    11
       Ring mail         |    41 |    75 |   114 |    56 ||   286
Dodge: Dodged            |    88 |   109 |   160 |    59 ||   416
Block: Other             |       |       |     5 |     5 ||    10
